BSA
CHICAGO MACHINE @ ST. LOUIS BROWNS
09/03/2025
 
TOP OF THE 1ST
Chicago Machine batting - Pitching for St. Louis Browns : RHP Nelson Ortega
Pitching: RHP Nelson Ortega
Batting: RHB Roberto Cardona 0-0: Called Strike
0-1: Ball
1-1: Ball
2-1: DOUBLE (Flyball, 8LXD)
Batting: LHB Bob Smith 0-0: Ball
1-0: Swinging Strike
1-1: Called Strike
1-2: Ball
2-2: SINGLE (Line Drive, 9S)
Roberto Cardona to third
Runner from 3rd tries for Home, SAFE, no throw or cutoff
Batting: RHB Edward Young 0-0: Ball
1-0: Ball
2-0: Ball
3-0: Called Strike
3-1: Foul Ball, location: 2F
3-2: Grounds into double play, 6-4-3 (Groundball, 6)
Batting: LHB Eric Wheeler 0-0: Fly out, F1 (Popup, 34S)
Top of the 1st over - 1 run(s), 2 hit(s), 0 error(s), 0 left on base; Chicago 1 - St. Louis 0
BOTTOM OF THE 1ST
St. Louis Browns batting - Pitching for Chicago Machine : RHP Geoffrey Keller
Pitching: RHP Geoffrey Keller
Batting: LHB Joe Sanders 0-0: Ball
1-0: Ball
2-0: Called Strike
2-1: Ball
3-1: Base on Balls
Batting: LHB Mike Hill 0-0: DOUBLE (Groundball, 3D)
Joe Sanders to third
Batting: RHB Will Brown 0-0: Foul Ball, location: 2F
0-1: Foul Ball, location: 2F
0-2: Foul Ball, location: 2F
0-2: Ball
1-2: Ground out 5-3 (Groundball, 56S)
Joe Sanders scores
Mike Hill to third
Batting: LHB Clinton Clark 0-0: Ball
1-0: Called Strike
1-1: SINGLE (Flyball, 8RS)
Mike Hill scores
Batting: LHB Jorge Torres 0-0: Called Strike
Clinton Clark steals 2nd base
0-1: Ball
1-1: Ball
2-1: Ball
3-1: Called Strike
3-2: Ground out 3-6 (Groundball, 3L)
Clinton Clark to third
Batting: RHB Mario Rosales 0-0: Fly out, F9 (Flyball, 9M)
Bottom of the 1st over - 2 run(s), 2 hit(s), 0 error(s), 1 left on base; Chicago 1 - St. Louis 2
TOP OF THE 2ND
Chicago Machine batting - Pitching for St. Louis Browns : RHP Nelson Ortega
Batting: RHB Doug Stephens 0-0: Ball
1-0: Foul Ball, location: 2F
1-1: Foul Ball, location: 2F
1-2: Foul Ball, location: 2F
1-2: Foul Ball, location: 2F
1-2: Ball
2-2: Ball
3-2: Fly out, F8 (Flyball, 8LD)
Batting: SHB Joaquín López 0-0: Ball
1-0: Swinging Strike
1-1: SINGLE (Groundball, 34)
Batting: RHB Lorenzo Guzmán 0-0: Ball
1-0: Called Strike
1-1: Ball
2-1: Fly out, F8 (Flyball, 8LM)
Batting: RHB Sadayoshi Kato 0-0: Ball
1-0: Ball
2-0: Foul Ball, location: 2F
2-1: Ball
3-1: Called Strike
3-2: SINGLE (Groundball, 13) (infield hit)
Joaquín López to second
Batting: LHB Marcos Vargas 0-0: Called Strike
0-1: Foul Ball, location: 2F
0-2: Foul Ball, location: 2F
0-2: Foul Ball, location: 2F
0-2: Foul Ball, location: 2F
0-2: Ground out 4-3 (Groundball, 4)
Top of the 2nd over - 0 run(s), 2 hit(s), 0 error(s), 2 left on base; Chicago 1 - St. Louis 2
BOTTOM OF THE 2ND
St. Louis Browns batting - Pitching for Chicago Machine : RHP Geoffrey Keller
Batting: RHB Carlos Alfaro 0-0: Ball
1-0: Called Strike
1-1: Foul Ball, location: 2F
1-2: Fly out, F7 (Flyball, 7LD)
Batting: LHB Víctor Hernández 0-0: Called Strike
0-1: Foul Ball, location: 2F
0-2: SINGLE (Groundball, 34D)
Batting: LHB Stan Hickman 0-0: Ball
1-0: Grounds into double play, 4-6-3 (Groundball, 4)
Bottom of the 2nd over - 0 run(s), 1 hit(s), 0 error(s), 0 left on base; Chicago 1 - St. Louis 2
TOP OF THE 3RD
Chicago Machine batting - Pitching for St. Louis Browns : RHP Nelson Ortega
Batting: RHB Roberto Cardona 0-0: Ball
1-0: SINGLE (Groundball, 5)
Batting: LHB Bob Smith 0-0: Ball
1-0: Ball
2-0: Foul Ball, location: 2F
2-1: Ball
3-1: Foul Ball, location: 2F
3-2: Fly out, F9 (Flyball, 89S)
Batting: RHB Edward Young 0-0: Ball
1-0: Foul Ball, location: 2F
1-1: Called Strike
1-2: Fly out, F4 (Popup, 4M)
Batting: LHB Eric Wheeler 0-0: Ball
1-0: Ball
2-0: Ball
3-0: Called Strike
3-1: Foul Ball, location: 2F
3-2: Ground out U3 (Groundball, 3)
Top of the 3rd over - 0 run(s), 1 hit(s), 0 error(s), 1 left on base; Chicago 1 - St. Louis 2
BOTTOM OF THE 3RD
St. Louis Browns batting - Pitching for Chicago Machine : RHP Geoffrey Keller
Batting: LHB Joe Sanders 0-0: Ball
1-0: Called Strike
1-1: Foul Ball, location: 2F
1-2: Foul Ball, location: 2F
1-2: Ball
2-2: Foul Ball, location: 2F
2-2: Ball
3-2: SINGLE (Line Drive, 4D)
Batting: LHB Mike Hill 0-0: Foul Ball, location: 2F
0-1: Ball
1-1: Called Strike
1-2: Foul Ball, location: 2F
1-2: Foul Ball, location: 2F
1-2: Grounds into double play, 4-6-3 (Groundball, 4)
Batting: RHB Will Brown 0-0: Fly out, F8 (Flyball, 8LXD)
Bottom of the 3rd over - 0 run(s), 1 hit(s), 0 error(s), 0 left on base; Chicago 1 - St. Louis 2
TOP OF THE 4TH
Chicago Machine batting - Pitching for St. Louis Browns : RHP Nelson Ortega
Batting: RHB Doug Stephens 0-0: Swinging Strike
0-1: Foul Ball, location: 2F
0-2: Ball
1-2: Ball
2-2: Foul Ball, location: 2F
2-2: Ball
3-2: Strikes out swinging
Batting: SHB Joaquín López 0-0: Ball
1-0: Ball
2-0: Ball
3-0: Base on Balls
Batting: RHB Lorenzo Guzmán 0-0: Called Strike
0-1: Called Strike
0-2: Ball
1-2: Ball
2-2: Fly out, F8 (Line Drive, 8RM)
Batting: RHB Sadayoshi Kato 0-0: Swinging Strike
0-1: Foul Ball, location: 2F
0-2: Strikes out swinging
Top of the 4th over - 0 run(s), 0 hit(s), 0 error(s), 1 left on base; Chicago 1 - St. Louis 2
BOTTOM OF THE 4TH
St. Louis Browns batting - Pitching for Chicago Machine : RHP Geoffrey Keller
Batting: LHB Clinton Clark 0-0: Ball
1-0: SOLO HOME RUN (Flyball, 7LD), Distance : 346 ft
Batting: LHB Jorge Torres 0-0: Called Strike
0-1: SINGLE (Line Drive, 7S)
Batting: RHB Mario Rosales 0-0: Grounds into double play, U6-3 (Groundball, 6M)
Batting: RHB Carlos Alfaro 0-0: Called Strike
0-1: Swinging Strike
0-2: Ball
1-2: Hit by Pitch
Batting: LHB Víctor Hernández 0-0: Ball
1-0: Foul Ball, location: 2F
1-1: Called Strike
1-2: Ball
2-2: Foul Ball, location: 2F
2-2: Ground out 4-3 (Groundball, 4)
Bottom of the 4th over - 1 run(s), 2 hit(s), 0 error(s), 1 left on base; Chicago 1 - St. Louis 3
TOP OF THE 5TH
Chicago Machine batting - Pitching for St. Louis Browns : RHP Nelson Ortega
Batting: LHB Marcos Vargas 0-0: Called Strike
0-1: Ball
1-1: Ground out 1-3 (Groundball, 13)
Batting: RHB Roberto Cardona 0-0: Ball
1-0: Ball
2-0: Foul Ball, location: 2F
2-1: Ground out 5-3 (Groundball, 56S)
Batting: LHB Bob Smith 0-0: Called Strike
0-1: Ball
1-1: SINGLE (Line Drive, 3D)
Batting: RHB Edward Young 0-0: Foul Ball, location: 2F
0-1: Called Strike
0-2: Foul Ball, location: 2F
0-2: Ball
1-2: 2-RUN HOME RUN (Line Drive, 8LXD), Distance : 432 ft
Batting: LHB Eric Wheeler 0-0: Foul Ball, location: 2F
0-1: DOUBLE (Flyball, 9LD) - OUT at third base trying to stretch hit.
Top of the 5th over - 2 run(s), 3 hit(s), 0 error(s), 0 left on base; Chicago 3 - St. Louis 3
BOTTOM OF THE 5TH
St. Louis Browns batting - Pitching for Chicago Machine : RHP Geoffrey Keller
Batting: LHB Stan Hickman 0-0: Bunted foul
0-1: Called Strike
0-2: Ball
1-2: Ball
2-2: Ball
3-2: Base on Balls
Batting: LHB Joe Sanders 0-0: Foul Ball, location: 2F
0-1: Ball
1-1: Called Strike
1-2: Foul Ball, location: 2F
1-2: Ball
2-2: Foul Ball, location: 2F
2-2: DOUBLE (Flyball, 78M)
Stan Hickman to third
Runner from 3rd tries for Home, SAFE, no throw or cutoff
Batting: LHB Mike Hill 0-0: Swinging Strike
0-1: Called Strike
0-2: Ball
1-2: Ball
2-2: SINGLE (Groundball, 4MD)
Joe Sanders to third
Batting: RHB Will Brown 0-0: Swinging Strike
0-1: Swinging Strike
0-2: Fly out, F3 (Line Drive, 3S)
0-2: Lined into DP, U3 (Line Drive, 3S)
Batting: LHB Clinton Clark 0-0: Ball
1-0: Ball
2-0: Called Strike
2-1: Swinging Strike
2-2: Foul Ball, location: 2F
2-2: Strikes out looking
Bottom of the 5th over - 1 run(s), 2 hit(s), 0 error(s), 1 left on base; Chicago 3 - St. Louis 4
TOP OF THE 6TH
Chicago Machine batting - Pitching for St. Louis Browns : RHP Nelson Ortega
Pitching: RHP Beau Brown
Batting: RHB Doug Stephens 0-0: Ball
1-0: Ball
2-0: Swinging Strike
2-1: DOUBLE (Line Drive, 5L)
Batting: SHB Joaquín López 0-0: Ball
1-0: Ball
2-0: Ball
3-0: Base on Balls
Batting: RHB Lorenzo Guzmán 0-0: Called Strike
0-1: Ball
1-1: Ball
2-1: Foul Ball, location: 2F
2-2: Strikes out looking
Batting: RHB Sadayoshi Kato 0-0: Ball
1-0: Ball
2-0: Foul Ball, location: 2F
2-1: Ball
3-1: Called Strike
3-2: Strikes out swinging
Batting: LHB Marcos Vargas 0-0: Called Strike
0-1: Ball
1-1: Foul Ball, location: 2F
1-2: Foul Ball, location: 2F
1-2: Ball
2-2: Foul Ball, location: 2F
2-2: Strikes out swinging
Top of the 6th over - 0 run(s), 1 hit(s), 0 error(s), 2 left on base; Chicago 3 - St. Louis 4
BOTTOM OF THE 6TH
St. Louis Browns batting - Pitching for Chicago Machine : RHP Geoffrey Keller
Batting: LHB Jorge Torres 0-0: Ball
1-0: Fly out, F5 (Popup, 5F)
Batting: RHB Mario Rosales 0-0: Called Strike
0-1: Ground out 6-3 (Groundball, 6M)
Batting: RHB Carlos Alfaro 0-0: Swinging Strike
0-1: Foul Ball, location: 2F
0-2: Foul Ball, location: 2F
0-2: Foul Ball, location: 2F
0-2: Foul Ball, location: 2F
0-2: Ball
1-2: SINGLE (Line Drive, 78S)
Batting: LHB Víctor Hernández 0-0: Swinging Strike
0-1: Foul Ball, location: 2F
0-2: Strikes out swinging
Bottom of the 6th over - 0 run(s), 1 hit(s), 0 error(s), 1 left on base; Chicago 3 - St. Louis 4
TOP OF THE 7TH
Chicago Machine batting - Pitching for St. Louis Browns : RHP Beau Brown
Batting: RHB Roberto Cardona 0-0: Called Strike
0-1: Foul Ball, location: 2F
0-2: Strikes out looking
Batting: LHB Bob Smith 0-0: Swinging Strike
0-1: Ground out 6-3 (Groundball, 6)
Batting: RHB Edward Young 0-0: Called Strike
0-1: Ball
1-1: Called Strike
1-2: Strikes out swinging
Top of the 7th over - 0 run(s), 0 hit(s), 0 error(s), 0 left on base; Chicago 3 - St. Louis 4
BOTTOM OF THE 7TH
St. Louis Browns batting - Pitching for Chicago Machine : RHP Geoffrey Keller
Pitching: RHP Bartolo Romo
Batting: LHB Stan Hickman 0-0: Called Strike
0-1: Foul Ball, location: 2F
0-2: Fly out, F9 (Flyball, 9D)
Batting: LHB Joe Sanders 0-0: Fly out, F9 (Flyball, 9M)
Batting: LHB Mike Hill 0-0: Called Strike
0-1: Ball
1-1: Swinging Strike
1-2: SINGLE (Line Drive, 3D)
Pinch Hitting: RHB Yoshihide Takahashi 0-0: Ball
1-0: Ball
Wild Pitch!
Mike Hill to second
2-0: Ball
3-0: Called Strike
3-1: SINGLE (Groundball, 5L) (infield hit)
Mike Hill to third
Batting: LHB Clinton Clark 0-0: Ball
1-0: Called Strike
1-1: Ball
Yoshihide Takahashi steals 2nd base
2-1: Foul Ball, location: 2F
2-2: Ball
3-2: Base on Balls
Batting: LHB Jorge Torres 0-0: Ball
1-0: Called Strike
1-1: Ball
2-1: Fielders Choice at 2nd, U6 (Groundball, 6M)
Bottom of the 7th over - 0 run(s), 2 hit(s), 0 error(s), 3 left on base; Chicago 3 - St. Louis 4
TOP OF THE 8TH
Chicago Machine batting - Pitching for St. Louis Browns : RHP Beau Brown
Pitching: RHP John Allan
Now at 1B: Yoshihide Takahashi
Batting: LHB Eric Wheeler 0-0: Ball
1-0: Ball
2-0: Called Strike
2-1: Foul Ball, location: 2F
2-2: Ball
3-2: Foul Ball, location: 2F
3-2: Base on Balls
Pitching: RHP Kitahachi Okada
Batting: RHB Doug Stephens 0-0: Called Strike
0-1: Swinging Strike
0-2: Ball
1-2: Grounds into double play, 6-4-3 (Groundball, 6)
Pitching: LHP Keith Hill
Batting: SHB Joaquín López 0-0: Called Strike
0-1: Ball
1-1: Ball
2-1: Swinging Strike
2-2: Ball
3-2: Fly out, F9 (Flyball, 9S)
Top of the 8th over - 0 run(s), 0 hit(s), 0 error(s), 0 left on base; Chicago 3 - St. Louis 4
BOTTOM OF THE 8TH
St. Louis Browns batting - Pitching for Chicago Machine : RHP Bartolo Romo
Batting: RHB Mario Rosales 0-0: SINGLE (Flyball, 89S)
Pinch Hitting: RHB Carlos García 0-0: Foul Ball, location: 2F
0-1: Ball
1-1: Grounds into double play, 5-4-3 (Groundball, 56)
Batting: LHB Víctor Hernández 0-0: Ball
1-0: Called Strike
1-1: Ball
2-1: Ground out 1-3 (Groundball, 13S)
Bottom of the 8th over - 0 run(s), 1 hit(s), 0 error(s), 0 left on base; Chicago 3 - St. Louis 4
TOP OF THE 9TH
Chicago Machine batting - Pitching for St. Louis Browns : LHP Keith Hill
Pitching: LHP Brent Miller
Now at SS: George Howard
Batting: RHB Lorenzo Guzmán 0-0: Ball
1-0: Called Strike
1-1: SINGLE (Line Drive, 78S)
Pinch Hitting: RHB Derek Ramsey 0-0: Sac Bunt - play at first, batter OUT! 1-4
Lorenzo Guzmán to second
Pinch Hitting: RHB Juan Vareas 0-0: Ball
1-0: Swinging Strike
1-1: Ball
2-1: Fly out, F9 (Flyball, 9M)
Batting: RHB Roberto Cardona 0-0: Swinging Strike
0-1: Called Strike
0-2: Strikes out swinging
Top of the 9th over - 0 run(s), 1 hit(s), 0 error(s), 1 left on base; Chicago 3 - St. Louis 4
This league is powered by Out of the Park Baseball, the baseball management simulation game for PC, Mac and Linux
Tuesday, August 2nd, 2016 - OOTP Baseball 16.8 Build 38